 Dungeon Crawl Stone Soup version 0.24.0-123-gd5b16e6ec5 (webtiles) character file.

Game seed: 121345556408175374, levelgen mode: deterministic

2891 Elellon the Cleaver (level 9, -2/81 HPs)
             Began as a Deep Dwarf Fighter on Jan 15, 2020.
             Was an Initiate of Makhleb.
             Killed by divine providence
             ... invoked by an orc priest
              (10 damage)
             ... on level 8 of the Dungeon.
             The game lasted 00:13:44 (5510 turns).

Elellon the Cleaver (Deep Dwarf Fighter)            Turns: 5510, Time: 00:13:47

Health: -2/81      AC: 13    Str: 28    XL:     9   Next: 48%
Magic:  7/7        EV:  8    Int:  8    God:    Makhleb [......]
Gold:   817        SH: 11    Dex: 16    Spells: 8/8 levels left

rFire    . . .     SeeInvis .   a - +1 war axe
rCold    . . .     Gourm    .   c - +0 shield
rNeg     . . .     Faith    .   C - +6 scale mail of Action {-Cast MR++ Str+4}
rPois    .         Spirit   .   (no helmet)
rElec    .         Reflect  .   (no cloak)
rCorr    .         Harm     .   (no gloves)
MR       +++..     NoCast   +   (no boots)
Stlth    ..........             (no amulet)
HPRegen  0.00/turn              h - +4 ring of dexterity
MPRegen  0.10/turn              (no ring)

@: non-regenerating
A: damage resistance, heal wounds, sense surroundings 2, no regeneration
a: Heal Wounds, Renounce Religion


You were on level 8 of the Dungeon.
You worshipped Makhleb.
Makhleb was noncommittal.
You were not hungry.

You visited 2 branches of the dungeon, and saw 9 of its levels.
You also visited: Sewer and Ossuary.

You collected 817 gold pieces.

Inventory:

Hand Weapons
 a - a +1 war axe (weapon)
Armour
 c - a +0 shield (worn)
 i - +0 ice dragon scales
 C - the +6 scale mail of Action (worn) {-Cast MR++ Str+4}
   (You found it on level 7 of the Dungeon)

   It affects your strength (+4).
   It affects your resistance to hostile enchantments.
   It prevents spellcasting.
Jewellery
 h - a +4 ring of dexterity (left hand)
Wands
 b - a wand of iceblast (10)
 n - a wand of polymorph (6)
 G - a wand of digging (5)
Scrolls
 g - 2 scrolls of enchant weapon
 k - a scroll of magic mapping {unknown}
 l - 7 scrolls of teleportation
 o - 2 scrolls of noise {unknown}
 p - 3 scrolls of identify
 r - a scroll of fog {unknown}
 s - 6 scrolls of remove curse
 u - a scroll of amnesia {unknown}
 w - a scroll of fear {unknown}
 y - a scroll of random uselessness
 B - a scroll of enchant armour {unknown}
 E - 2 scrolls of blinking {unknown}
 H - a scroll of torment {unknown}
Potions
 d - 2 potions of might
 e - 3 potions of curing {unknown}
 j - 3 potions of berserk rage {unknown}
 m - a potion of cancellation {unknown}
 q - 3 potions of brilliance {unknown}
 t - 2 potions of mutation {unknown}
 v - a potion of lignification {unknown}
 x - a potion of heal wounds {unknown}
 z - a potion of magic {unknown}
 D - a potion of invisibility {unknown}
 F - 2 potions of ambrosia {unknown}
Comestibles
 f - 13 rations


   Skills:
 + Level 5.0 Fighting
 * Level 11.4 Axes
 + Level 6.0 Armour
 + Level 6.0 Shields


You had 8 spell levels left.
You didn't know any spells.
Your spell library was empty.

Dungeon Overview and Level Annotations

Branches:
Dungeon (8/15)             Temple (1/1) D:4           Sewer (visited)
Ossuary (visited)
   Lair: D:8-11

Altars:
Ashenzari
Cheibriados
Dithmenos
Elyvilon
Fedhas
Gozag
Hepliaklqana
Kikubaaqudgha
Makhleb
Nemelex Xobeh
Okawaru
Qazlal
Ru
Sif Muna
Trog
Uskayaw
Vehumet
Xom
Yredelemnul
Zin
The Shining One
Jiyva

Shops:
D:8 %


Innate Abilities, Weirdness & Mutations

You are resistant to damage.
You can heal yourself by infusing magical energy.
You passively map the area around you.
You do not regenerate.


Message History

You feel much better. You block the orc warrior's attack.
The orc warrior hits you with a +0 glaive!
You closely miss the orc warrior.
The orc warrior hits you with a +0 glaive!
You hit the orc warrior but do no damage.
The orc warrior hits you with a +0 glaive!
You hit the orc warrior.
The orc warrior is lightly wounded.
All of the chunks of flesh in your inventory have rotted away.
You hit the orc warrior.
The orc warrior is lightly wounded.
The orc warrior hits you with a +0 glaive!
* * * LOW HITPOINT WARNING * * *
You slash the orc warrior!
The orc warrior is heavily wounded.
The orc warrior hits you with a +0 glaive!
* * * LOW HITPOINT WARNING * * *
The orc priest invokes the aid of Beogh against you.
Beogh smites you!
You die... ###### #oo@.# *#o##.# ######## ########## ooo

#.# #......# #........#oo.o
#.####......# ##........#O.oo
#...........#
.#........#..oo,####.#.....)#
.#........#..oo ####.#......#
..........#...o,#....#......###
.#........# * ####.#........#


You could see 2 orc warriors, an ogre, an orc priest and 4 orcs.

Vanquished Creatures
  A hippogriff (D:8)
  A hungry ghost (D:7)
  A sky beast (D:8)
  An orc warrior (D:7)
  2 ice beasts
  2 phantoms
  A necrophage (D:6)
  An ogre (D:7)
  A crocodile (Sewer)
  5 bullfrogs (D:6)
  A wyvern zombie (D:8)
  2 scorpions
  5 killer bees (D:7)
  2 crimson imps
  A howler monkey (D:5)
  2 jellies (D:7)
  3 hounds
  4 bullfrog skeletons
  4 orc priests
  3 orc wizards
  3 iguanas
  2 worker ants
  3 big kobold zombies (Ossuary)
  A hound skeleton (D:4)
  2 mummies (Ossuary)
  A howler monkey skeleton (D:5)
  6 gnolls
  9 adders
  4 oozes
  3 adder skeletons
  5 worms
  2 dart slugs
  5 leopard geckos
  13 orcs
  7 bats
  8 giant cockroaches
  6 gnoll zombies (Ossuary)
  5 goblins
  5 hobgoblins
  4 jackals
  2 quokkas
  A ball python (D:2)
  2 goblin zombies (Ossuary)
  A hobgoblin zombie (Ossuary)
  A jackal zombie (D:6)
  7 kobolds
  2 orc zombies (Ossuary)
  9 rats
162 creatures vanquished.

Vanquished Creatures (others)
  An orc wizard (D:8)
1 creature vanquished.

Grand Total: 163 creatures vanquished

Notes
Turn   | Place    | Note
-------+----------+-------------------------------------------
     0 | D:1      | Elellon the Deep Dwarf Fighter began the quest for the Orb.
     0 | D:1      | Reached XP level 1. HP: 20/20 MP: 1/1
   130 | D:1      | Reached skill level 3 in Axes
   134 | D:1      | Reached XP level 2. HP: 27/27 MP: 2/2
   529 | D:1      | Reached XP level 3. HP: 31/33 MP: 3/3
   539 | D:1      | Reached skill level 4 in Axes
   946 | D:2      | Reached XP level 4. HP: 30/40 MP: 3/3
  1054 | D:2      | Reached skill level 5 in Axes
  1521 | D:3      | Found a shimmering altar of Xom.
  1649 | D:4      | Reached XP level 5. HP: 27/46 MP: 4/4
  1662 | D:4      | Reached skill level 6 in Axes
  1828 | D:4      | Found a bloodstained altar of Trog.
  1926 | D:4      | Reached skill level 7 in Axes
  1926 | D:4      | Reached XP level 6. HP: 43/55 MP: 5/5
  2069 | D:4      | Found a staircase to the Ecumenical Temple.
  2075 | Temple   | Entered the Ecumenical Temple
  2261 | D:4      | Found a snail-covered altar of Cheibriados.
  2414 | D:5      | Entered Level 5 of the Dungeon
  2489 | D:5      | Found a white marble altar of Elyvilon.
  2642 | D:5      | Reached skill level 8 in Axes
  2767 | D:5      | Found a sand-covered staircase.
  2775 | Ossuary  | Entered an ossuary
  2820 | Ossuary  | Reached XP level 7. HP: 43/61 MP: 6/6
  2948 | D:5      | Got a smoking ruby amulet
  3142 | D:5      | Reached skill level 9 in Axes
  3572 | D:6      | Found a glowing drain.
  3591 | D:6      | Reached XP level 8. HP: 50/69 MP: 7/7
  3626 | Sewer    | Entered a sewer
  3841 | D:6      | Reached skill level 10 in Axes
  3934 | D:6      | Found a sparkling altar of Nemelex Xobeh.
  4424 | D:7      | Identified the amulet "Mago Quth" {Reflect *Drain rC+ Str+8
                  | SH+6 Stlth+} (You found it on level 5 of the Dungeon)
  4445 | D:7      | Reached skill level 5 in Armour
  4445 | D:7      | Reached skill level 5 in Shields
  4500 | D:7      | Gained mutation: You passively map the area around you.
                  | [Deep Dwarf growth]
  4500 | D:7      | Reached XP level 9. HP: 21/79 MP: 7/7
  4644 | D:7      | Got a polished scale mail
  4654 | D:7      | Identified the +6 scale mail of Action {-Cast MR++ Str+4}
                  | (You found it on level 7 of the Dungeon)
  4859 | D:7      | Reached skill level 11 in Axes
  4942 | D:7      | Found a radiant altar of Vehumet.
  4942 | D:7      | Found a shimmering blue altar of Sif Muna.
  5019 | D:7      | Found a glowing golden altar of the Shining One.
  5019 | D:7      | Found a stormy altar of Qazlal.
  5026 | D:7      | Found a glowing silver altar of Zin.
  5028 | D:7      | Found an iron altar of Okawaru.
  5034 | D:7      | Found a burning altar of Makhleb.
  5039 | D:7      | Became a worshipper of Makhleb the Destroyer
  5344 | D:8      | Found Xuzxicli's Food Emporium.
  5381 | D:8      | Reached skill level 5 in Fighting
  5422 | D:8      | Found an ancient bone altar of Kikubaaqudgha.
  5510 | D:8      | Killed from afar by an orc priest

Levels and vault maps discovered:
D:1:      scummos_arrival_forest, layout_loops_ring
D:2:      layout_rooms, first_ration, serial_bayou, serial_bayou_pond_d,
          serial_bayou_pond_e, serial_bayou_ford_a, serial_bayou_crossing,
          grunt_ministairs_14, chequers_serial_rivers_room_b
D:3:      layout_rooms, lemuel_round_altar
D:4:      layout_basic, kennysheep_slug_shrine, minmay_temple_entry_hall,
          trog_three_pillars_becter
D:5:      layout_loops_ring, lemuel_round_altar, nicolae_ossuary_entry_monument,
          grunt_tough_drop
D:6:      layout_basic, old_standard_altar, gup_sewer_entry_glass
D:7:      layout_basic, chequers_temple_overflow_minitemple,
          gammafunk_temple_overflow_wave
D:8:      layout_basic, kiku_gazebo_garden_becter, special_room
          [special_room_orc], serial_shops,
          nicolae_shop_temple_entry_statues_fountains
Temple:   pf_slimified_temple

Skill      XL: |  1  2  3  4  5  6  7  8  9 |
---------------+----------------------------+-----
Axes           | 3 4 5 7 8 9 10 11 | 11.4
Fighting       | 3 4 5 |  5.0
Armour         | 4 5 6 |  6.0
Shields        | 4 5 6 |  6.0

Action                   |  1- 3 |  4- 6 |  7- 9 || total
-------------------------+-------+-------+-------++-------
Melee: War axe           |   132 |   168 |   344 ||   644
 Abil: Heal Wounds       |     1 |     2 |     7 ||    10
  Use: Scroll            |       |       |     6 ||     6
  Eat: Chunk             |     1 |     6 |     7 ||    14
       Ration            |       |       |     1 ||     1
Armor: Scale mail        |    55 |    12 |    35 ||   102
       Ice dragon scales |       |    54 |   116 ||   170
Dodge: Dodged            |    45 |    42 |    77 ||   164
Block: Shield            |    76 |    73 |   147 ||   296
